 Dungeon Crawl Stone Soup version 0.24.0-124-g2791043dd8 (webtiles) character file.

Game seed: 503949965002214779, levelgen mode: deterministic

52 magipi the Ducker (level 3, -2/30 HPs)
             Began as a Minotaur Summoner on Feb 14, 2020.
             Slain by a worker ant (3 damage)
             ... on level 2 of the Dungeon.
             The game lasted 00:03:34 (1843 turns).

magipi the Ducker (Minotaur Summoner)               Turns: 1843, Time: 00:03:35

Health: -2/30      AC:  2    Str: 13    XL:     3   Next: 60%
Magic:  4/4        EV: 13    Int: 12    God:
Gold:   73         SH:  0    Dex: 10    Spells: 3/4 levels left

rFire    . . .     SeeInvis .   b - +0 dagger
rCold    . . .     Gourm    .   (no shield)
rNeg     . . .     Faith    .   a - +0 robe
rPois    .         Spirit   .   (helmet restricted)
rElec    .         Reflect  .   (no cloak)
rCorr    .         Harm     .   (no gloves)
MR       .....                  (no boots)
Stlth    ++........             (no amulet)
HPRegen  0.10/turn              (no ring)
MPRegen  0.09/turn              (no ring)

@: lethally poisoned (-2 -> -16)
A: retaliatory headbutt, horns 2
a: no special abilities


You were on level 2 of the Dungeon.
You were not hungry.

You visited 1 branch of the dungeon, and saw 2 of its levels.

You collected 73 gold pieces.

Inventory:

Hand Weapons
 b - a +0 dagger (weapon)
   (You found it on level 1 of the Dungeon)
 f - a +0 mace
   (You found it on level 1 of the Dungeon)
Armour
 a - a +0 robe (worn)
Scrolls
 d - a scroll of teleportation {unknown}
 e - a scroll of amnesia {unknown}
 h - a scroll of immolation {unknown}
Potions
 g - a potion of curing {unknown}
Comestibles
 c - 4 rations


   Skills:
 + Level 2.7 Fighting
 + Level 3.4 Dodging
 - Level 1.5 Stealth
 - Level 1.3 Spellcasting
 - Level 3.0 Summonings


You had 3 spell levels left.
You knew the following spells:

 Your Spells              Type           Power        Failure   Level  Hunger
a - Summon Small Mammal   Summ           #...         9%          1    ##.....

Your spell library contained the following spells:

 Spells                   Type           Power        Failure   Level  Hunger
 Call Imp                 Summ           #.......     13%         2    ###....
 Call Canine Familiar     Summ           #.......     26%         3    ####...
 Summon Guardian Golem    Hex/Summ       #.......     43%         3    ####...
 Summon Ice Beast         Ice/Summ       #.......     83%         4    #####..
 Summon Lightning Spire   Summ/Air       #.......     83%         4    #####..


Dungeon Overview and Level Annotations

Branches:
Dungeon (2/15)

Altars:


Innate Abilities, Weirdness & Mutations

You reflexively headbutt those who attack you in melee.
You have a pair of horns on your head.


Message History

You feel sick. The adder bites you.
You miss the adder. Your headbutt misses the adder.
The adder is moderately wounded.
The adder closely misses you. The adder barely misses you.
You furiously retaliate!
You headbutt the adder. You miss the adder.
The adder is severely wounded.
The adder bites you.
You are too injured to fight recklessly!
You are too injured to fight recklessly!
You are too injured to fight recklessly!
You are too injured to fight recklessly!
You are too injured to fight recklessly!
You feel sick.
There is an open door here.
You hit the adder.
The adder is almost dead.
The adder barely misses you. You furiously retaliate!
You headbutt the adder, but do no damage.
The adder bites you.
You miss the adder. You headbutt the adder.
You kill the adder!
You hit the dart slug. You headbutt the dart slug.
The dart slug is severely wounded.
The dart slug bites you.
You hit the dart slug but do no damage. You headbutt the dart slug.
You kill the dart slug!
You feel sick.
You start resting.
You feel sick. x2
You are no longer poisoned.
You start resting.
Eating a chunk of flesh.
You eat the chunk of flesh.
This raw flesh tastes terrible.
HP restored.
There is an open door here.
g - an inky potion
There is an open door here.
As you open the door, it creaks loudly!
A worm and a goblin come into view.
The goblin shouts!
Found 16 gold pieces.
Unknown command.
There is an open door here.
There is an open door here.
The goblin hits you with a +0 club.
You hit the goblin.
The goblin is heavily wounded.
The goblin hits you with a +0 club.
You hit the goblin.
You kill the goblin!
You see here a +0 club.
Quiver which item? (- for none, * to show all) (? for menu, Esc to quit)
Okay, then.
Unknown command.
You see here a +0 club.
You open the door.
A bat, a worker ant and a kobold come into view.
The kobold shouts!
The worker ant twitches its antennae in your direction.
A rat comes into view.
The bat moves out of view.
Unknown command.
Unknown command.
Unknown command.
You hit the kobold.
The kobold is moderately wounded.
The kobold hits you but does no damage.
You hit the kobold.
You kill the kobold!
The bat closely misses you. The bat barely misses you.
The worker ant bites you.
Things that are here:
a +0 short sword; a kobold corpse Unknown command.
You barely miss the worker ant. The worker ant bites you.
You are poisoned.
The worker ant poisons you!
The worker ant bites you but does no damage.
You barely miss the worker ant. Your headbutt misses the worker ant.
You feel sick. The worker ant bites you.
You closely miss the worker ant.
You feel sick. The worker ant bites you!
You hit the worker ant.
The worker ant is moderately wounded.
You feel sick. The worker ant barely misses you.
Unknown command.
You barely miss the worker ant.
The worker ant is moderately wounded.
The worker ant bites you.
You hit the worker ant but do no damage.
The worker ant is moderately wounded.
You feel sick. The worker ant bites you!
* * * LOW HITPOINT WARNING * * *
You are more poisoned.
The worker ant poisons you! The worker ant closely misses you.
You barely miss the worker ant.
The worker ant is moderately wounded.
* * * LOW HITPOINT WARNING * * *
You feel sick. The worker ant bites you.
You die...

##.##..... #......##
###.........
#.....##.##.
######.....##.#
..............#
######....(#### #.....#
. ###@### .. #####a###
... #...br..#### ....
....##'##....#####.....
.####.. ####..........#
#$.#.. #..###..######
#..#.. #..#.##.# #..#..
#..#..'.# .. #.w#..
#..#.##.#


You could see a worker ant, a bat and a rat.

Vanquished Creatures
  An adder (D:2)
  3 dart slugs
  2 giant cockroaches
  5 goblins
  5 hobgoblins (D:1)
  6 kobolds
  4 bats (D:1)
  7 frilled lizards (D:1)
  3 rats
36 creatures vanquished.

Notes
Turn   | Place    | Note
-------+----------+-------------------------------------------
     0 | D:1      | magipi the Minotaur Summoner began the quest for the Orb.
     0 | D:1      | Reached XP level 1. HP: 14/14 MP: 1/1
   194 | D:1      | Reached skill level 1 in Fighting
   222 | D:1      | Reached XP level 2. HP: 12/23 MP: 3/3
  1090 | D:1      | Reached XP level 3. HP: 16/29 MP: 4/4
  1843 | D:2      | HP: 1/30 [poisoned by a worker ant]
  1843 | D:2      | Slain by a worker ant

Levels and vault maps discovered:
D:1:      minmay_arrival_hallway, layout_basic, minmay_lizard_pond
D:2:      layout_loops_ring, first_ration, minmay_divided_ellipse

Skill      XL: |  1  2 |
---------------+-------+-----
Summonings     | 3 |  3.0
Fighting       | 1 2 |  2.7
Dodging        | 3 |  3.4
Stealth        | |  1.5
Spellcasting   | |  1.3

Action                   || total
-------------------------++-------
Melee: Dagger            ||   110
       Headbutt          ||    13
       Unarmed           ||     1
 Stab: Sleeping          ||     2
  Eat: Chunk             ||     3
Armor: Robe              ||    10
Dodge: Dodged            ||    52

Action                   || total
-------------------------++-------
Melee: Dagger            ||   110
       Headbutt          ||    13
       Unarmed           ||     1
 Stab: Sleeping          ||     2
  Eat: Chunk             ||     3
Armor: Robe              ||    10
Dodge: Dodged            ||    52
